 Dungeon Crawl Stone Soup version 0.17-a0-957-ga3519be (webtiles) character file.

39 Zwobot the Vexing (level 3, -1/26 HPs)
             Began as a Formicid Arcane Marksman on May 7, 2015.
             Slain by a goblin
             ... wielding a +0 mace
             ... led by Robin
              (5 damage)
             ... on level 2 of the Dungeon.
             The game lasted 00:06:14 (1784 turns).

Zwobot the Vexing (Formicid Arcane Marksman)        Turns: 1784, Time: 00:06:14

Health: -1/26      AC:  3    Str: 16    XL:     3   Next: 70%
Magic:  3/4        EV: 12    Int: 12    God:
Gold:   71         SH:  0    Dex: 10    Spells: 1 memorised, 3 levels left

rFire  . . .     SeeInvis +     a - +0 short sword
rCold  . . .     Clarity  +     i - +0 robe
rNeg   . . .     SustAb   .     (no shield)
rPois  .         Gourm    .     (helmet unavailable)
rElec  .         Spirit   .     (no cloak)
rCorr  .         Warding  .     (no gloves)
rMut   .         Stasis   +     m - +0 pair of boots
MR     .....                    p - amulet of clarity
Stlth  +.........               (no ring)
                                (no ring)

@: not resistant to hostile enchantments, very unstealthy
A: permanent stasis, dig shafts and tunnels, four strong arms, antennae 3
a: Dig, Shaft Self


You were on level 2 of the Dungeon.
You were not hungry.

You visited 1 branch of the dungeon, and saw 2 of its levels.

You collected 71 gold pieces.

Inventory:

Hand weapons
 a - a +0 short sword (weapon)
 b - a +0 hand crossbow
Missiles
 c - 19 bolts
 f - 10 steel bolts
 n - 50 stones (quivered)
 t - 21 sling bullets
Armour
 i - a +0 robe (worn)
 m - a +0 pair of boots (worn)
Jewellery
 p - an amulet of clarity (around neck)
Scrolls
 g - a scroll of remove curse {unknown}
 o - 2 scrolls of immolation {unknown}
 q - a scroll of blinking {unknown}
 r - 4 scrolls of identify {unknown}
Potions
 h - 2 potions of degeneration {unknown}
 k - a potion of curing {unknown}
 l - a potion of cancellation {unknown}
 s - a potion of might {unknown}
 u - a potion of mutation {unknown}
Books
 d - a book of Debilitation

   Spells                             Type                      Level
   a - Corona                         Hexes                        1
   b - Slow                           Hexes                        2
   c - Gell's Gravitas                Hexes/Translocation          3
   d - Inner Flame                    Hexes/Fire                   3
   e - Cause Fear                     Hexes                        4
   f - Leda's Liquefaction            Hexes/Earth                  4
Comestibles
 e - a bread ration
 j - 2 fruits
 v - 2 chunks of flesh


   Skills:
 - Level 1.1 Fighting
 + Level 2.7 Short Blades
 - Level 2.0 Crossbows
 - Level 1.7 Dodging
 - Level 1.1 Spellcasting
 - Level 3.8 Hexes


You had 3 spell levels left.
You knew the following spells:

 Your Spells              Type           Power        Failure   Level  Hunger
a - Corona                Hex            #......      8%          1    ##.....


Dungeon Overview and Level Annotations

Branches:
Dungeon (2/15)

Altars:

Annotations:
D:2 Robin


Innate Abilities, Weirdness & Mutations

You are under a permanent stasis effect.
You can dig through walls and to a lower floor.
Your four strong arms can wield two-handed weapons with a shield.
You have a pair of large antennae on your head (SInv).


Message History

Robin barely misses you.
You hear a shout!
A hobgoblin comes into view. It is wielding a club.
You hit Robin.
Robin is moderately wounded.
Robin roars a battlecry!
Robin hits you with a whip.
A goblin comes into view. It is wielding a club.
You completely miss Robin.
Robin is moderately wounded.
Robin hits you with a whip.
There is a stone staircase leading down here.
Robin throws the goblin at you!
Robin stops glowing.
The goblin hits you but does no damage. Robin throws the goblin at you!
You closely miss the goblin. The goblin hits you but does no damage.
The goblin hits you with a club.
* * * LOW HITPOINT WARNING * * *
The goblin hits you with a mace.
You die...

#..#.# ##.#.#
#..g# . ##.)# ..
#.g#####...
##>........
#g........
#.g.......
#.@.......
#########g########
#..[....#.#######
#.#####.#.......#
#.# #.#######.#
#.# #.#...#.#.#
#.# #.......#.#
#.#######.#.#.#.#
#....)..#.#.#.#.#


You could see Robin, a hobgoblin (frenzied) and 3 goblins.

Vanquished Creatures
  A worm (D:2)
  2 giant geckos
  4 bats (D:1)
  7 hobgoblins
  A jackal (D:1)
  2 kobolds
  A quokka (D:2)
  2 giant newts (D:1)
  9 goblins
  2 rats (D:1)
31 creatures vanquished.

Notes
Turn   | Place    | Note
--------------------------------------------------------------
     0 | D:1      | Zwobot, the Formicid Arcane Marksman, began the quest for the Orb.
     0 | D:1      | Reached XP level 1. HP: 15/15 MP: 2/2
   334 | D:1      | Reached skill level 1 in Short Blades
   334 | D:1      | Reached XP level 2. HP: 19/21 MP: 3/3
  1143 | D:2      | Reached XP level 3. HP: 26/26 MP: 2/4
  1738 | D:2      | Noticed Robin
  1784 | D:2      | Slain by a goblin

Action                   || total
-------------------------++-------
Melee: Short sword       ||   106
 Fire: Hand crossbow     ||     5
 Cast: Corona            ||    33
 Stab: Distracted        ||     1
  Eat: Chunk             ||     4
